BR (22 & UNDER)
PUNTA CANA HUTIAS @ LOGAN SWANS
09/07/2029
 
TOP OF THE 1ST
Punta Cana Hutias batting - Pitching for Logan Swans : RHP Eduardo Rivera
Pitching: RHP Eduardo Rivera
Batting: LHB Dave Watkins 0-0: Ball
1-0: Called Strike
1-1: Ball
2-1: Ball
3-1: Ground out U3 (Groundball, 3)
Batting: RHB Alfonso Huerta 0-0: Ball
1-0: Ball
2-0: Ball
3-0: Called Strike
3-1: Base on Balls
Batting: LHB Norberto Garza 0-0: Ball
1-0: Called Strike
1-1: Foul Ball, location: 2F
1-2: Ball
2-2: Fielders Choice at 2nd, 3-6 (Groundball, 34)
Batting: RHB Mike Martínez 0-0: Ball
1-0: Ground out U3 (Groundball, 3)
Top of the 1st over - 0 runs, 0 hits, 0 errors, 1 left on base; Punta Cana 0 - Logan 0
BOTTOM OF THE 1ST
Logan Swans batting - Pitching for Punta Cana Hutias : RHP Jeff McIntosh
Pitching: RHP Jeff McIntosh
Batting: SHB Francisco García 0-0: Called Strike
0-1: Called Strike
0-2: Ball
1-2: Strikes out swinging
Batting: RHB Francisco Durango 0-0: Ball
1-0: Called Strike
1-1: Hit by Pitch
Batting: SHB Torajiro Ito 0-0: Called Strike
0-1: Ball
1-1: Ball
2-1: Swinging Strike
2-2: Foul Ball, location: 2F
2-2: Ball
3-2: Foul Ball, location: 2F
3-2: SINGLE (Line Drive, 89S)
Francisco Durango to second
Francisco Durango to third
Batting: RHB Bill Becker 0-0: Ball
1-0: Ball
2-0: Ball
3-0: Base on Balls
Torajiro Ito to second
Batting: RHB Amando Ursulo 0-0: Ball
1-0: Called Strike
1-1: Foul Ball, location: 2F
1-2: Strikes out swinging
Batting: RHB Carlos Escobar 0-0: Ball
1-0: Called Strike
1-1: Swinging Strike
1-2: Ball
2-2: Strikes out swinging
Bottom of the 1st over - 0 runs, 1 hit, 0 errors, 3 left on base; Punta Cana 0 - Logan 0
TOP OF THE 2ND
Punta Cana Hutias batting - Pitching for Logan Swans : RHP Eduardo Rivera
Batting: LHB Harry Davis 0-0: SINGLE (Flyball, 9LS)
Batting: LHB Don MacNeill 0-0: SINGLE (Line Drive, 8LS)
Harry Davis to second
Batting: RHB Juan Alaniz 0-0: SINGLE (Groundball, 56D)
Harry Davis to third
Don MacNeill to second
Batting: RHB Alfredo Bernard 0-0: Foul Ball, location: 2F
0-1: Ball
1-1: Swinging Strike
1-2: Foul Ball, location: 2F
1-2: Foul Ball, location: 2F
1-2: Ball
2-2: Ball
3-2: Foul Ball, location: 2F
3-2: Foul Ball, location: 2F
3-2: Base on Balls
Harry Davis scores
Don MacNeill to third
Juan Alaniz to second
Batting: LHB Jorge Ramírez 0-0: Ball
1-0: Called Strike
1-1: Foul Ball, location: 2F
1-2: Foul Ball, location: 2F
1-2: Strikes out swinging
Batting: LHB Dave Watkins 0-0: Called Strike
0-1: Swinging Strike
0-2: Foul Ball, location: 2F
0-2: Foul Ball, location: 2F
0-2: Foul Ball, location: 2F
0-2: Ball
1-2: Strikes out looking
Batting: RHB Alfonso Huerta 0-0: Called Strike
0-1: Swinging Strike
0-2: Strikes out looking
Top of the 2nd over - 1 run, 3 hits, 0 errors, 3 left on base; Punta Cana 1 - Logan 0
BOTTOM OF THE 2ND
Logan Swans batting - Pitching for Punta Cana Hutias : RHP Jeff McIntosh
Batting: RHB Jeremy Camanho 0-0: Foul Ball, location: 2F
0-1: Ball
1-1: Foul Ball, location: 2F
1-2: Strikes out swinging
Batting: RHB Víctor Cuevas 0-0: Ball
1-0: Ball
2-0: Fly out, F9 (Flyball, 9S)
Batting: RHB Sergio Mora 0-0: SINGLE (Groundball, 4MD)
Batting: SHB Francisco García 0-0: Foul Ball, location: 2F
0-1: Ball
1-1: DOUBLE (Flyball, 7D)
Sergio Mora to third
Runner from 3rd tries for Home, SAFE, no throw
Batting: RHB Francisco Durango 0-0: Ball
1-0: Ground out 6-3 (Groundball, 6)
Bottom of the 2nd over - 1 run, 2 hits, 0 errors, 1 left on base; Punta Cana 1 - Logan 1
TOP OF THE 3RD
Punta Cana Hutias batting - Pitching for Logan Swans : RHP Eduardo Rivera
Batting: LHB Norberto Garza 0-0: Called Strike
0-1: Ball
1-1: Foul Ball, location: 2F
1-2: Foul Ball, location: 2F
1-2: Strikes out swinging
Batting: RHB Mike Martínez 0-0: Ball
1-0: Swinging Strike
1-1: Ground out 4-3 (Groundball, 4MS)
Batting: LHB Harry Davis 0-0: Ball
1-0: Ball
2-0: Called Strike
2-1: SINGLE (Line Drive, 8RS)
Batting: LHB Don MacNeill 0-0: Ball
1-0: Fly out, F7 (Flyball, 7)
Top of the 3rd over - 0 runs, 1 hit, 0 errors, 1 left on base; Punta Cana 1 - Logan 1
BOTTOM OF THE 3RD
Logan Swans batting - Pitching for Punta Cana Hutias : RHP Jeff McIntosh
Batting: SHB Torajiro Ito 0-0: Swinging Strike
0-1: Foul Ball, location: 2F
0-2: Ball
1-2: Fly out, F3 (Line Drive, 34)
Batting: RHB Bill Becker 0-0: Foul Ball, location: 2F
0-1: Fly out, F7 (Line Drive, 78M)
Batting: RHB Amando Ursulo 0-0: Ball
1-0: Foul Ball, location: 2F
1-1: Called Strike
1-2: Strikes out looking
Bottom of the 3rd over - 0 runs, 0 hits, 0 errors, 0 left on base; Punta Cana 1 - Logan 1
TOP OF THE 4TH
Punta Cana Hutias batting - Pitching for Logan Swans : RHP Eduardo Rivera
Batting: RHB Juan Alaniz 0-0: Ball
1-0: Called Strike
1-1: Ball
2-1: SINGLE (Flyball, 8RS)
Batting: RHB Alfredo Bernard 0-0: Foul Ball, location: 2F
0-1: Ball
1-1: Swinging Strike
1-2: Ball
2-2: Ground out U3 (Groundball, 2R)
Juan Alaniz to second
Batting: LHB Jorge Ramírez 0-0: Called Strike
0-1: Foul Ball, location: 2F
0-2: Strikes out swinging
Batting: LHB Dave Watkins 0-0: Fly out, F8 (Flyball, 8RM)
Top of the 4th over - 0 runs, 1 hit, 0 errors, 1 left on base; Punta Cana 1 - Logan 1
BOTTOM OF THE 4TH
Logan Swans batting - Pitching for Punta Cana Hutias : RHP Jeff McIntosh
Batting: RHB Carlos Escobar 0-0: Fly out, F7 (Flyball, 7)
Batting: RHB Jeremy Camanho 0-0: DOUBLE (Line Drive, 9LM)
Batting: RHB Víctor Cuevas 0-0: Ball
1-0: Ball
2-0: Called Strike
2-1: Ball
3-1: Base on Balls
Batting: RHB Sergio Mora 0-0: Ball
1-0: Foul Ball, location: 2F
1-1: Called Strike
1-2: Ball
2-2: Ball
3-2: Base on Balls
Jeremy Camanho to third
Víctor Cuevas to second
Batting: SHB Francisco García 0-0: Ball
1-0: Called Strike
1-1: SINGLE (Line Drive, 56D)
Jeremy Camanho scores
Víctor Cuevas to third
Sergio Mora to second
Batting: RHB Francisco Durango 0-0: SINGLE (Groundball, 56D)
Víctor Cuevas scores
Sergio Mora to third
Francisco García to second
Runner from 3rd tries for Home, throw and OUT!
Francisco García to third
Francisco Durango to second
Batting: SHB Torajiro Ito 0-0: Ground out 4-3 (Groundball, 4)
Bottom of the 4th over - 2 runs, 3 hits, 0 errors, 2 left on base; Punta Cana 1 - Logan 3
TOP OF THE 5TH
Punta Cana Hutias batting - Pitching for Logan Swans : RHP Eduardo Rivera
Batting: RHB Alfonso Huerta 0-0: Ball
1-0: Foul Ball, location: 2F
1-1: Ball
2-1: Ball
3-1: Foul Ball, location: 2F
3-2: Foul Ball, location: 2F
3-2: Strikes out looking
Batting: LHB Norberto Garza 0-0: Called Strike
0-1: Ball
1-1: Ball
2-1: Called Strike
2-2: Ball
3-2: Foul Ball, location: 2F
3-2: Reached on error, E6 (Groundball, 6)
Pitching: LHP Michael Dean
Batting: RHB Mike Martínez 0-0: SINGLE (Flyball, 7S)
Norberto Garza to second
Batting: LHB Harry Davis 0-0: Ball
1-0: Fielders Choice at 2nd, 1-6 (Groundball, P)
Norberto Garza to third
Batting: LHB Don MacNeill 0-0: Swinging Strike
0-1: Swinging Strike
0-2: Ball
1-2: Ball
2-2: Ground out 4-3 (Groundball, 34)
Top of the 5th over - 0 runs, 1 hit, 1 error, 2 left on base; Punta Cana 1 - Logan 3
BOTTOM OF THE 5TH
Logan Swans batting - Pitching for Punta Cana Hutias : RHP Jeff McIntosh
Batting: RHB Bill Becker 0-0: Ball
1-0: DOUBLE (Line Drive, 78D)
Batting: RHB Amando Ursulo 0-0: Ground out 5-3 (Groundball, 56)
Batting: RHB Carlos Escobar 0-0: Ball
1-0: Ground out 6-3 (Groundball, 6)
Batting: RHB Jeremy Camanho 0-0: Ball
1-0: Called Strike
1-1: Ball
2-1: Ball
3-1: Foul Ball, location: 2F
3-2: Base on Balls
Batting: RHB Víctor Cuevas 0-0: Swinging Strike
0-1: Ball
1-1: Ball
2-1: Fly out, F8 (Flyball, 8RD)
Bottom of the 5th over - 0 runs, 1 hit, 0 errors, 2 left on base; Punta Cana 1 - Logan 3
TOP OF THE 6TH
Punta Cana Hutias batting - Pitching for Logan Swans : LHP Michael Dean
Batting: RHB Juan Alaniz 0-0: Ball
1-0: Ground out 6-3 (Groundball, 6)
Batting: RHB Alfredo Bernard 0-0: Swinging Strike
0-1: Ball
1-1: Foul Ball, location: 2F
1-2: Strikes out swinging
Batting: LHB Jorge Ramírez 0-0: Called Strike
0-1: Ball
1-1: Foul Ball, location: 2F
1-2: Ball
2-2: Ball
3-2: Foul Ball, location: 2F
3-2: Strikes out swinging
Top of the 6th over - 0 runs, 0 hits, 0 errors, 0 left on base; Punta Cana 1 - Logan 3
BOTTOM OF THE 6TH
Logan Swans batting - Pitching for Punta Cana Hutias : RHP Jeff McIntosh
Batting: RHB Sergio Mora 0-0: Swinging Strike
0-1: Fly out, F7 (Flyball, 7S)
Batting: SHB Francisco García 0-0: Ball
1-0: Ball
2-0: Swinging Strike
2-1: Foul Ball, location: 2F
2-2: Fly out, F7 (Flyball, 7S)
Batting: RHB Francisco Durango 0-0: Foul Ball, location: 2F
0-1: SINGLE (Groundball, 6D)
Batting: SHB Torajiro Ito 0-0: Ball
1-0: Fly out, F8 (Flyball, 8RD)
Bottom of the 6th over - 0 runs, 1 hit, 0 errors, 1 left on base; Punta Cana 1 - Logan 3
TOP OF THE 7TH
Punta Cana Hutias batting - Pitching for Logan Swans : LHP Michael Dean
Batting: LHB Dave Watkins 0-0: Ball
1-0: Ball
2-0: Swinging Strike
2-1: Ball
3-1: Foul Ball, location: 2F
3-2: Foul Ball, location: 2F
3-2: Strikes out swinging, 2-3 out at first.
Batting: RHB Alfonso Huerta 0-0: Ball
1-0: Called Strike
1-1: Foul Ball, location: 2F
1-2: Ball
2-2: Strikes out looking
Batting: LHB Norberto Garza 0-0: Called Strike
0-1: Foul Ball, location: 2F
0-2: DOUBLE (Line Drive, 8RD)
Batting: RHB Mike Martínez 0-0: Called Strike
0-1: SINGLE (Groundball, 34) (infield hit)
Norberto Garza to third
Pinch Runner at 1st Argaw Omitra:
Pinch Hitting: RHB José Matos 0-0: Foul Ball, location: 2F
0-1: Foul Ball, location: 2F
0-2: Strikes out looking
Top of the 7th over - 0 runs, 2 hits, 0 errors, 2 left on base; Punta Cana 1 - Logan 3
BOTTOM OF THE 7TH
Logan Swans batting - Pitching for Punta Cana Hutias : RHP Jeff McIntosh
Pitching: RHP Norberto Díaz
Now at 2B: Argaw Omitra
Now at SS: Ricardo Murillo
Batting: RHB Bill Becker 0-0: Ball
1-0: SOLO HOME RUN (Flyball, 7D), Distance : 390 ft
Batting: RHB Amando Ursulo 0-0: Called Strike
0-1: Swinging Strike
0-2: Ball
1-2: Ball
2-2: Ball
3-2: Fly out, F8 (Flyball, 8RM)
Batting: RHB Carlos Escobar 0-0: Called Strike
0-1: Hit by Pitch
Batting: RHB Jeremy Camanho 0-0: Foul Ball, location: 2F
0-1: Ball
1-1: Ball
2-1: Fielders Choice at 2nd, 1-4 (Groundball, 15S)
Batting: RHB Víctor Cuevas Pickoff Throw to First - Out!
Bottom of the 7th over - 1 run, 1 hit, 0 errors, 0 left on base; Punta Cana 1 - Logan 4
TOP OF THE 8TH
Punta Cana Hutias batting - Pitching for Logan Swans : LHP Michael Dean
Now in CF: Francisco Madrigal
Batting: LHB Don MacNeill 0-0: Foul Ball, location: 2F
0-1: Ball
1-1: Ball
2-1: Foul Ball, location: 2F
2-2: Strikes out swinging
Batting: RHB Juan Alaniz 0-0: Ball
1-0: Ball
2-0: Ball
3-0: Base on Balls
Pitching: RHP Ángel Benítez
Batting: RHB Alfredo Bernard 0-0: Ball
1-0: Ball
2-0: Foul Ball, location: 2F
2-1: Foul Ball, location: 2F
2-2: Strikes out swinging
Batting: LHB Jorge Ramírez 0-0: Ball
1-0: Foul Ball, location: 2F
1-1: Foul Ball, location: 2F
1-2: Strikes out swinging
Top of the 8th over - 0 runs, 0 hits, 0 errors, 1 left on base; Punta Cana 1 - Logan 4
BOTTOM OF THE 8TH
Logan Swans batting - Pitching for Punta Cana Hutias : RHP Norberto Díaz
Batting: RHB Víctor Cuevas 0-0: Foul Ball, location: 2F
0-1: Ball
1-1: Swinging Strike
1-2: Ball
2-2: Strikes out swinging
Batting: RHB Sergio Mora 0-0: Ball
1-0: Called Strike
1-1: Foul Ball, location: 2F
1-2: Ball
2-2: SINGLE (Groundball, 15) (infield hit)
Batting: SHB Francisco García 0-0: Ball
Sergio Mora steals 2nd base
1-0: SINGLE (Line Drive, 8LS)
Sergio Mora to third
Runner from 3rd tries for Home, SAFE, no throw
Pitching: RHP Alexander Lynch
Batting: RHB Francisco Durango 0-0: Called Strike
0-1: Swinging Strike
0-2: Foul Ball, location: 2F
0-2: SINGLE (Groundball, 56D)
Francisco García to second
Batting: SHB Torajiro Ito 0-0: Called Strike
Francisco García is caught stealing 3rd base
Francisco Durango to second
0-1: Foul Ball, location: 2F
0-2: SINGLE (Groundball, 34) (infield hit)
Francisco Durango to third
Batting: SHB Francisco Madrigal 0-0: Ball
1-0: Foul Ball, location: 2F
1-1: Called Strike
1-2: Strikes out looking
Bottom of the 8th over - 1 run, 4 hits, 0 errors, 2 left on base; Punta Cana 1 - Logan 5
TOP OF THE 9TH
Punta Cana Hutias batting - Pitching for Logan Swans : RHP Ángel Benítez
Pitching: RHP Tony Parker
Batting: LHB Dave Watkins 0-0: Ball
1-0: Called Strike
1-1: Ball
2-1: Ball
3-1: Foul Ball, location: 2F
3-2: Fly out, F9 (Flyball, 9)
Batting: RHB Alfonso Huerta 0-0: Called Strike
0-1: Ball
1-1: Ball
2-1: Foul Ball, location: 2F
2-2: Foul Ball, location: 2F
2-2: Strikes out swinging
Batting: LHB Norberto Garza 0-0: Foul Ball, location: 2F
0-1: Called Strike
0-2: Foul Ball, location: 2F
0-2: Ball
1-2: Strikes out swinging
Top of the 9th over - 0 runs, 0 hits, 0 errors, 0 left on base; Punta Cana 1 - Logan 5
Saturday, December 16th, 2017 - OOTP Baseball 18.8 Build 76